 Dungeon Crawl Stone Soup version 0.24-a0-789-g35933f4585 (webtiles) character file.

Game seed: 15832874775300694649, levelgen mode: deterministic

310 Johnny the Digger (level 5, 0/41 HPs)
             Began as a Demigod Earth Elementalist on Oct 10, 2019.
             Slain by a gnoll
             ... wielding a +0 halberd
              (15 damage)
             ... on level 4 of the Dungeon.
             The game lasted 00:03:00 (3093 turns).

Johnny the Digger (Demigod Earth Elementalist)      Turns: 3093, Time: 00:03:00

Health: 0/41       AC:  4    Str: 11    XL:     5   Next: 95%
Magic:  5/12       EV: 13    Int: 21    God:
Gold:   222        SH:  0    Dex: 16    Spells: 8/9 levels left

rFire    . . .     SeeInvis .   e - +3 short sword (elec)
rCold    . . .     Gourm    .   (no shield)
rNeg     + . .     Faith    .   c - +0 robe
rPois    .         Spirit   .   g - +1 hat
rElec    .         Reflect  .   (no cloak)
rCorr    .         Harm     .   s - +0 pair of gloves
MR       .....                  (no boots)
Stlth    ++........             (no amulet)
HPRegen  0.13/turn              o - ring of positive energy
MPRegen  0.13/turn              (no ring)

@: no status effects
A: high mp 1
a: no special abilities


You were on level 4 of the Dungeon.
You were near starving.

You visited 1 branch of the dungeon, and saw 4 of its levels.

You collected 222 gold pieces.

Inventory:

Hand Weapons
 e - a +3 short sword of electrocution (weapon)
Missiles
 b - 92 stones (quivered)
Armour
 c - a +0 robe (worn)
 g - a +1 hat (worn)
 s - a +0 pair of gloves (worn)
Magical Staves
 t - an uncursed staff of power {unknown}
Jewellery
 o - a ring of positive energy (left hand)
Scrolls
 h - a scroll of fog {unknown}
 i - a scroll of remove curse
 k - a scroll of noise {unknown}
 m - a scroll of amnesia
 n - 2 scrolls of blinking
 p - a scroll of identify {unknown}
Potions
 a - 2 potions of mutation {unknown}
 f - a potion of lignification
 j - a potion of haste {unknown}
 l - 2 potions of curing
 r - a potion of might {unknown}
Comestibles
 d - 8 rations


   Skills:
 + Level 2.3 Fighting
 + Level 3.1 Dodging
 - Level 1.7 Stealth
 + Level 2.8 Spellcasting
   Level 0.8 Transmutations
 * Level 4.4 Earth Magic


You had 8 spell levels left.
You knew the following spells:

 Your Spells              Type           Power        Failure   Level  Hunger
a - Sandblast             Erth           ###...       2%          1    None

Your spell library contained the following spells:

 Spells                   Type           Power        Failure   Level  Hunger
 Passwall                 Tmut/Erth      ##......     7%          2    ##.....
 Stone Arrow              Conj/Erth      ##....       16%         3    ###....
 Petrify                  Tmut/Erth      ##......     41%         4    ####...
 Lee's Rapid Deconstruct  Erth           ###.......   52%         5    ######.


Dungeon Overview and Level Annotations

Branches:
Dungeon (4/15)
 Temple: D:4-7


Innate Abilities, Weirdness & Mutations

You have an increased reservoir of magic. (+10% MP)


Message History

Beogh smites you!
Casting: Sandblast (safe; 2% risk of failure)
Confirm with . or Enter, or press ? or * to list all spells.
Aiming: Sandblast (safe; 2% risk of failure)
Press: ? - help, Shift-Dir - straight line, f - gnoll
Aim: a gnoll, wielding a +0 halberd The blast of sand misses the gnoll.
The blast of sand hits the orc!
You kill the orc!
b - 93 stones The gnoll misses you.
Casting: Sandblast (safe; 2% risk of failure)
Confirm with . or Enter, or press ? or * to list all spells.
Aiming: Sandblast (safe; 2% risk of failure)
Press: ? - help, Shift-Dir - straight line, f/p - gnoll
Aim: a gnoll, wielding a +0 halberd The blast of sand hits the gnoll!
The gnoll is heavily wounded.
b - 92 stones The gnoll hits you from afar with a +0 halberd!
You die...

###.##.# .#
#..(...##.###[
#.#..o........ #
#......o#.# .#
#>##.........# .#
# #........go..#
.# #
####.......### .#
# ##......####.#
#### ##<...oog)@.#
...# ###...######
##.#### #...#
......# #...#####
...##.# #........
.#.##.####...####.
..................
.##...............
..................


You could see an orc priest, a gnoll and an orc.

Vanquished Creatures
  A jelly (D:4)
  An orc wizard (D:3)
  3 worker ants
  2 gnolls (D:4)
  8 adders
  2 worms (D:2)
  2 leopard geckos
  11 orcs
  6 bats
  3 giant cockroaches
  8 hobgoblins
  A quokka (D:2)
  A ball python (D:2)
  6 frilled lizards
  9 goblins
  8 kobolds
  4 rats
76 creatures vanquished.

Notes
Turn   | Place    | Note
-------+----------+-------------------------------------------
     0 | D:1      | Johnny the Demigod Earth Elementalist began the quest for
                  | the Orb.
     0 | D:1      | Reached XP level 1. HP: 14/14 MP: 5/5
   261 | D:1      | Reached XP level 2. HP: 18/22 MP: 7/7
   297 | D:1      | Reached skill level 3 in Earth Magic
   775 | D:2      | Reached XP level 3. HP: 15/27 MP: 8/8
  1037 | D:2      | Reached skill level 1 in Fighting
  1415 | D:2      | Found a shimmering altar of Xom.
  1621 | D:2      | Found a basalt altar of Yredelemnul.
  1633 | D:2      | Reached XP level 4. HP: 22/35 MP: 10/10
  2494 | D:3      | Reached skill level 4 in Earth Magic
  2494 | D:3      | Reached XP level 5. HP: 36/41 MP: 8/11
  2764 | D:4      | HP: 1/41 [poisoned by a worker ant]
  3093 | D:4      | Slain by a gnoll

Levels and vault maps discovered:
D:1:      evilmike_arrival_crescent, layout_basic
D:2:      layout_loops_ring, lemuel_doored_altar, first_ration,
          brannock_xom_greatest_gift
D:3:      layout_loops_ring
D:4:      layout_loops_cross, minitemple, chei_slow_surprise

Skill      XL: |  1  2  3  4  5 |
---------------+----------------+-----
Dodging        | 2 3 |  3.1
Earth Magic    | 3 4 |  4.4
Spellcasting   | 2 |  2.8
Fighting       | 1 2 |  2.3
Stealth        | |  1.7
Transmutations | |  0.8

Action                   |  1- 3 |  4- 6 || total
-------------------------+-------+-------++-------
Melee: Short sword       |    90 |    56 ||   146
 Cast: Sandblast         |    16 |    26 ||    42
  Use: Scroll            |       |     5 ||     5
       Potion            |       |     4 ||     4
 Stab: Sleeping          |     4 |     5 ||     9
  Eat: Chunk             |     2 |     3 ||     5
Armor: Robe              |    21 |    15 ||    36
       Skin              |       |     2 ||     2
Dodge: Dodged            |    71 |    58 ||   129

Table legend:
 A = Non-vault XP
 B = Vault XP
 C = Vault XP percentage of total XP
 D = Non-vault monster count
 E = Vault monster count
 F = Vault count percentage of total count
                 A         B        C        D         E       F
            +---------+---------+-------+---------+---------+-------
      Total |     443 |       0 |   0.0 |      76 |       0 |   0.0
            +---------+---------+-------+---------+---------+-------
        D:1 |      32 |       0 |   0.0 |      18 |       0 |   0.0
        D:2 |     143 |       0 |   0.0 |      29 |       0 |   0.0
        D:3 |     106 |       0 |   0.0 |      20 |       0 |   0.0
        D:4 |     162 |       0 |   0.0 |       9 |       0 |   0.0
            +---------+---------+-------+---------+---------+-------
